 Dungeon Crawl Stone Soup version 0.19.1 (webtiles) character file.

59 SQman the Ruffian (level 3, -7/36 HPs)
             Began as a Troll Monk on Dec 5, 2016.
             Mangled by a gnoll
             ... wielding a +0 halberd
              (9 damage)
             ... on level 2 of the Dungeon.
             The game lasted 00:14:16 (1458 turns).

SQman the Ruffian (Troll Monk)                      Turns: 1458, Time: 00:14:17

Health: -7/36      AC:  8    Str: 19    XL:     3   Next: 78%
Magic:  2/2        EV:  8    Int:  6    God:
Gold:   87         SH:  7    Dex: 13    Spells: 0 memorised, 2 levels left

rFire  . . .     SeeInvis .       - Unarmed
rCold  . . .     Gourm    +     a - +1 robe
rNeg   . . .     Faith    .     c - +0 shield
rPois  .         Spirit   .     (helmet restricted)
rElec  .         Reflect  .     p - +0 cloak
rCorr  .         Harm     .     (gloves unavailable)
MR     .....                    (boots unavailable)
Stlth  ++........               i - amulet of the gourmand
                                (no ring)
                                k - +1 ring of protection

@: no status effects
A: unfitting armour, claws 3, fast metabolism 3, gourmand, regeneration 1,
shaggy fur 1, tough skin 2
a: no special abilities


You were on level 2 of the Dungeon.
You were full.

You visited 1 branch of the dungeon, and saw 2 of its levels.

You collected 87 gold pieces.

Inventory:

Missiles
 d - 19 sling bullets
 e - 28 bolts
 g - 57 stones (quivered)
 n - 20 arrows
Armour
 a - a +1 robe (worn)
 c - a +0 shield (worn)
 h - a +0 pair of boots
 j - a cursed +0 chain mail
 o - a +0 robe
 p - a +0 cloak (worn)
Jewellery
 i - an amulet of the gourmand (around neck)
 k - a +1 ring of protection (left claw)
Scrolls
 q - a scroll of identify
Potions
 r - a potion of haste
Comestibles
 b - 3 bread rations
 f - 5 chunks of flesh
 l - a beef jerky
 m - 2 meat rations


   Skills:
 + Level 2.7 Fighting
 + Level 2.8 Dodging
 + Level 1.1 Stealth
 + Level 0.1 Shields
 + Level 4.0 Unarmed Combat


You had 2 spell levels left.
You didn't know any spells.

Dungeon Overview and Level Annotations

Branches:
Dungeon (2/15)

Altars:


Innate Abilities, Weirdness & Mutations

You are too large for most types of armour.
You have claws for hands.
Your metabolism is lightning-fast.
You like to eat raw meat.
Your natural rate of healing is unusually fast.
You are covered in fur. (AC +1)
You have very tough skin. (AC +2)


Message History

You claw the gnoll!
You kill the gnoll!
The gnoll hits you from afar with a spear.
The gnoll hits you.
You claw the gnoll!
The gnoll is almost dead.
You block the gnoll's attack. The gnoll hits you but does no damage.
The gnoll hits you!
You scratch the gnoll.
You kill the gnoll!
Your Unarmed Combat skill increases to level 4!
The gnoll barely misses you.
The gnoll hits you from afar with a halberd!
The gnoll hits you from afar with a spear!
* * * LOW HITPOINT WARNING * * *
You block the gnoll's attack.
The gnoll hits you from afar with a spear.
* * * LOW HITPOINT WARNING * * *
The gnoll hits you with a halberd!
You die...

#.## #.# #.# #####..# #... #.#
#.# #....... .# # #.#.##.#####.#
#... .#.#####.#.....>..#.######.
#..# .#..........#.###..........
#..#
..........#...#####.##########..#
.#.######.....##................#
.......###.#..##.##.............#
.#.###......<.gg@##..############
...# #####.#..†......#
.#########.###########
...........# ############


You could see 2 gnolls.

Vanquished Creatures
  2 gnolls (D:2)
  2 worms (D:2)
  A leopard gecko (D:1)
  3 bats
  4 giant cockroaches
  7 goblins
  4 hobgoblins
  4 frilled lizards
  2 kobolds
  5 rats
34 creatures vanquished.

Notes
Turn   | Place    | Note
-------+----------+-------------------------------------------
     0 | D:1      | SQman the Troll Monk began the quest for the Orb.
     0 | D:1      | Reached XP level 1. HP: 22/22 MP: 0/0
   492 | D:1      | Reached XP level 2. HP: 22/29 MP: 1/1
  1118 | D:2      | Reached XP level 3. HP: 35/36 MP: 2/2
  1454 | D:2      | Reached skill level 4 in Unarmed Combat
  1458 | D:2      | Mangled by a gnoll

Skill      XL: |  1  2  3 |
---------------+----------+-----
Unarmed Combat | 4 |  4.0
Fighting       | |  2.7
Dodging        | |  2.8
Stealth        | |  1.1
Shields        | |  0.1

Action                   || total
-------------------------++-------
Melee: Unarmed           ||    89
Throw: Stone             ||    21
  Use: Scroll            ||     3
       Potion            ||     5
 Stab: Sleeping          ||     1
  Eat: Chunk             ||    16
Armor: Robe              ||    32
Dodge: Dodged            ||    24
Block: Shield            ||    27
